 Dungeon Crawl Stone Soup version 0.23-a0-446-g036aa52 (webtiles) character file.

81 Dfrag the Grave Robber (level 4, 33/36 HPs)
             Began as a Deep Dwarf Necromancer on Nov 18, 2018.
             Quit the game on level 2 of the Dungeon.
             The game lasted 00:02:04 (1101 turns).

Dfrag the Grave Robber (Deep Dwarf Necromancer)     Turns: 1101, Time: 00:02:04

Health: 33/36      AC:  3    Str: 12    XL:     4   Next: 19%
Magic:  0/7        EV: 12    Int: 16    God:
Gold:   75         SH:  0    Dex: 13    Spells: 5/9 levels left

rFire    . . .     SeeInvis .   (no weapon)
rCold    . . .     Gourm    .   (no shield)
rNeg     . . .     Faith    .   a - +0 robe
rPois    .         Spirit   .   (no helmet)
rElec    .         Reflect  .   g - +0 cloak
rCorr    +         Harm     .   (no gloves)
MR       .....                  (no boots)
Stlth    +.........             (no amulet)
HPRegen  0.00/turn              i - ring of resist corrosion
MPRegen  0.10/turn              h - ring of attention (curse)

@: non-regenerating
A: damage resistance, heal wounds, sense surroundings 1, no regeneration
a: Heal Wounds


You were on level 2 of the Dungeon.
You were not hungry.

You visited 1 branch of the dungeon, and saw 2 of its levels.

You collected 75 gold pieces.

Inventory:

Armour
 a - a +0 robe (worn)
 g - a +0 cloak (worn)
Jewellery
 h - a cursed ring of attention (right hand)
 i - a ring of resist corrosion (left hand)
Scrolls
 d - 2 scrolls of teleportation {unknown}
 e - 2 scrolls of identify {unknown}
 f - a scroll of remove curse {unknown}
Potions
 b - a potion of haste {unknown}
Comestibles
 c - 2 rations
 j - 3 chunks of flesh


   Skills:
 - Level 2.1 Dodging
 - Level 2.4 Stealth
 * Level 3.2 Spellcasting
 + Level 5.1 Necromancy


You had 5 spell levels left.
You knew the following spells:

 Your Spells              Type           Power        Failure   Level  Hunger
a - Pain                  Necr           ###.         2%          1    None
b - Vampiric Draining     Necr           ###.......   7%          3    ###....

Your spell library contained the following spells:

 Spells                   Type           Power        Failure   Level  Hunger
 Animate Skeleton         Necr           N/A          2%          1    None
 Animate Dead             Necr           N/A          22%         4    ####...
 Regeneration             Chrm/Necr      Unusable     N/A         3    N/A

Dungeon Overview and Level Annotations

Branches:
Dungeon (2/15)

Altars:


Innate Abilities, Weirdness & Mutations

You are resistant to damage.
You can heal yourself by infusing magical energy.
You passively map a small area around you.
You do not regenerate.


Message History

Casting: Pain (safe; 2% risk of failure)
Confirm with . or Enter, or press ? or * to list all spells.
Aiming: Pain (safe; 2% risk of failure)
Press: ? - help, Shift-Dir - straight line, f/p - worm
Aim: a worm (moderately wounded, chance to defeat MR: 84%)
The worm barely resists.
Unknown command.
You hit the worm.
The worm is heavily wounded.
The worm closely misses you.
Casting: Pain (safe; 2% risk of failure)
Confirm with . or Enter, or press ? or * to list all spells.
Aiming: Pain (safe; 2% risk of failure)
Press: ? - help, Shift-Dir - straight line, f/p - worm
Aim: a worm (moderately wounded, chance to defeat MR: 84%)
The worm writhes in agony!
Unknown command.
Your magical essence is drained by the effort!
You feel much better.
Are you sure you want to abandon this character and quit the game? (Confirm

###P................
.#.P.....#.#.####.# ,
#.#....#.#.#..# #.# ,
########.#.##.###.#.#
#)#.##..##.#.# , ,
########.#.###.##.#.#
,, ,
.....#.#.#......#.#.#
** *#.....####.#.#.#.#
# #.)..........@.#.#.#
#.#......#.##..#.#.##..
#
###.##.#.*#w>).[.....,
* #.##.#. #.##.#.##.#
,* #.# ,#.##.#..#, * *
* #.# #.......#, ,,,
#.# #.$#.####,**
,*,...............# , ,
#.##.#..#.##.#<# ,


You could see a worm.

Vanquished Creatures
  Crazy Yiuf (D:2)
  An adder (D:2)
  A worm (D:2)
  A dart slug (D:1)
  A ball python (D:1)
  7 bats (D:1)
  7 goblins
  7 hobgoblins
  3 kobolds
  2 frilled lizards
  6 rats
37 creatures vanquished.

Vanquished Creatures (others)
  An adder (D:2)
  A kobold (D:2)
2 creatures vanquished.

Grand Total: 39 creatures vanquished

Notes
Turn   | Place    | Note
-------+----------+-------------------------------------------
     0 | D:1      | Dfrag the Deep Dwarf Necromancer began the quest for the
                  | Orb.
     0 | D:1      | Reached XP level 1. HP: 15/15 MP: 3/3
   142 | D:1      | Reached XP level 2. HP: 5/22 MP: 0/5
   461 | D:1      | Reached XP level 3. HP: 18/28 MP: 0/7
   466 | D:1      | Learned a level 3 spell: Vampiric Draining
   915 | D:2      | Found a runed door.
  1004 | D:2      | Noticed Crazy Yiuf
  1008 | D:2      | Killed Crazy Yiuf
  1008 | D:2      | Reached skill level 5 in Necromancy
  1008 | D:2      | Reached XP level 4. HP: 23/36 MP: 1/8
  1101 | D:2      | Quit the game

Vault maps used:
D:1:      evilmike_arrival_rings, serial_forest, infiniplex_forest_corner_1,
          infiniplex_forest_lined_3, infiniplex_forest_straight_3,
          infiniplex_forest_straight_4, infiniplex_forest_lined_corner,
          infiniplex_forest_lined_2, infiniplex_forest_lined_room_,
          infiniplex_forest_zigzag_2, minmay_pentomino_o4
D:2:      lemuel_flame_loot_1, uniq_crazy_yiuf_cottage

Skill      XL: |  1  2  3 |
---------------+----------+-----
Spellcasting   | 2 3 |  3.2
Necromancy     | 5 |  5.1
Dodging        | |  2.1
Stealth        | |  2.4

Action                   |  1- 3 |  4- 6 || total
-------------------------+-------+-------++-------
Melee: Unarmed           |    27 |     9 ||    36
 Cast: Pain              |    54 |    11 ||    65
       Vampiric Draining |       |     1 ||     1
 Abil: Heal Wounds       |     1 |     1 ||     2
  Eat: Chunk             |     1 |       ||     1
Armor: Robe              |     9 |       ||     9
Dodge: Dodged            |    27 |     2 ||    29

Table legend:
 A = Non-vault XP
 B = Vault XP
 C = Vault XP percentage of total XP
 D = Non-vault monster count
 E = Vault monster count
 F = Vault count percentage of total count
                 A         B        C        D         E       F
            +---------+---------+-------+---------+---------+-------
      Total |      71 |      45 |  38.8 |      33 |       4 |  10.8
            +---------+---------+-------+---------+---------+-------
        D:1 |      46 |       5 |   9.8 |      26 |       3 |  10.3
        D:2 |      25 |      40 |  61.5 |       7 |       1 |  12.5
            +---------+---------+-------+---------+---------+-------
